 Dungeon Crawl Stone Soup version 0.29-a0-284-gf9362112df (webtiles) character file.

Game seed: 6566801315500853894

0 taylorsmith22 the Firebug (level 1, 0/10 HPs)
             Began as a Deep Elf Fire Elementalist on Mar 23, 2022.
             Slain by a bat (1 damage)
             ... on level 1 of the Dungeon.
             The game lasted 00:01:40 (54 turns).

taylorsmith22 the Firebug (DEFE)                      Turns: 54, Time: 00:01:40

Health: 0/10       AC:  2    Str:  5    XL:     1   Next: 0%
Magic:  6/6        EV: 12    Int: 19    God:
Gold:   12         SH:  0    Dex: 15    Spells: 5/6 levels left

rFire   . . .      SeeInvis .   (no weapon)
rCold   . . .      Faith    .   (no shield)
rNeg    . . .      Spirit   .   a - +0 robe
rPois   .          Reflect  .   (no helmet)
rElec   .          Harm     .   (no cloak)
rCorr   .          Rampage  .   (no gloves)
Will    .....                   (no boots)
Stlth   ++........              (no amulet)
HPRegen 0.03/turn               (no ring)
MPRegen 0.10/turn               (no ring)

@: no status effects
A: no striking features
a: no special abilities


You were on level 1 of the Dungeon.
You visited 1 branch of the dungeon, and saw 1 of its levels.

You collected 12 gold pieces.

Inventory:

Armour
 a - a +0 robe (worn)
 c - a +2 helmet of intelligence
Potions
 b - a potion of magic


   Skills:
 + Level 2.4 Dodging
 + Level 2.4 Stealth
 + Level 3.0 Spellcasting
 + Level 1.1 Conjurations
 + Level 3.2 Fire Magic


You had 5 spell levels left.
You knew the following spells:

 Your Spells              Type           Power      Damage    Failure   Level
a - Foxfire               Conj/Fire      44%        2x1d6     6%          1

Your spell library contained the following spells:

 Spells                   Type           Power      Damage    Failure   Level
 Scorch                   Fire           30%        2d7       6%          2
 Conjure Flame            Conj/Fire      11%        6-21      19%         3
 Inner Flame              Hex/Fire       9%         N/A       24%         3
 Flame Wave               Conj/Fire      11%        2d5       52%         4


Dungeon Overview and Level Annotations

Branches:
Dungeon (1/15)

Altars:


Message History

The bat hits you. The bat closely misses you. The bat barely misses you.
The bat misses you. The rat bites you.
You closely miss the bat.
The bat is moderately wounded.
The bat hits you. The rat bites you but does no damage. The bat hits you.
The rat closely misses you.
You hit the bat but do no damage.
The bat is moderately wounded.
The bat hits you but does no damage. The rat barely misses you.
You hit the rat but do no damage. The bat hits you but does no damage.
The rat misses you.
You hit the rat but do no damage. The bat closely misses you.
The rat barely misses you.
You closely miss the rat. The bat barely misses you.
The bat hits you but does no damage. The rat bites you.
You hit the rat.
The rat is moderately wounded.
The bat misses you. The bat closely misses you. The rat barely misses you.
You closely miss the rat.
The rat is moderately wounded.
The bat barely misses you. The rat bites you.
* * * LOW HITPOINT WARNING * * *
You hit the rat.
The rat is severely wounded.
The bat hits you but does no damage. The rat misses you.
You barely miss the rat.
The rat is severely wounded.
The bat misses you. The bat hits you but does no damage.
The rat barely misses you. The bat misses you.
You barely miss the rat.
The rat is severely wounded.
The bat hits you but does no damage. The rat closely misses you.
You hit the rat but do no damage.
The rat is severely wounded.
The bat barely misses you. The rat barely misses you.
You hit the rat.
You kill the rat!
The bat hits you.
You die...

## .# #. .. #. .#
#. .# ##.####.#
#.#.#..†##..###.#.
......b@..........
#####...##.####.#
#...........#
##.####.###### ...
#..##### .##.#
##.....# # ##.#
#.####.# #.#!#
##.# ##.## ##..#


You could see a bat.

Vanquished Creatures
  A rat (D:1)
1 creature vanquished.

Notes
Turn   | Place    | Note
-------+----------+-------------------------------------------
     0 | D:1      | taylorsmith22 the Deep Elf Fire Elementalist began the
                  | quest for the Orb.
     0 | D:1      | Reached XP level 1. HP: 10/10 MP: 6/6
    54 | D:1      | Slain by a bat

Illustrated notes

Levels and vault maps discovered:
D:1:      minmay_arrival_diagonal_passages, layout_loops_ring,
          shapermc_ecumenical_altar_petra

Action                   || total
-------------------------++-------
Melee: Unarmed           ||    14
       Punch             ||     1
Armor: Robe              ||     7
Dodge: Dodged            ||    21

Table legend: (Time is in decaauts)
 A = Elapsed time spent in this place.
 B = Non-inter-level travel time spent in this place.
 C = Inter-level travel time spent in this place.
 D = Time resting spent in this place.
 E = Time spent auto-exploring this place.
 F = Levels seen in this place.
 G = Mean time per level.
                   A        B        C        D        E       F      G
               +--------+--------+--------+--------+--------+-----+--------+
         Total |     54 |     35 |     19 |      0 |      0 |   1 |   54.0 |
       Dungeon |     54 |     35 |     19 |      0 |      0 |   1 |   54.0 |
               +--------+--------+--------+--------+--------+-----+--------+

Top non-repeatable levels by time:
     D:1: 54 daAuts
